 Dungeon Crawl Stone Soup version 0.29-a0-1019-g84f7d21838 (webtiles) character file.

Game seed: 16146031610745245827

79 Sobieck the Sneak (level 4, 0/42 HPs)
             Began as a Kobold Berserker on Aug 11, 2022.
             Was a Follower of Trog.
             Slain by an orc
             ... wielding a +0 dagger
              (2 damage)
             ... on level 3 of the Dungeon.
             The game lasted 00:05:04 (2835 turns).

Sobieck the Sneak (Kobold Berserker)                Turns: 2835, Time: 00:05:05

Health: 0/42       AC:  4    Str: 14    XL:     4   Next: 64%
Magic:  4/4        EV: 15    Int:  8    God:    Trog [*.....]
Gold:   124        SH:  0    Dex: 16    Spells: 3/3 levels left

rFire   . . .      SeeInvis .   a - +0 short sword {short}
rCold   . . .      Faith    .   (no shield)
rNeg    . . .      Spirit   .   j - +0 animal skin
rPois   .          Reflect  .   t - +0 helmet
rElec   .          Harm     .   r - +0 cloak
rCorr   .          Rampage  .   (no gloves)
Will    .....                   (no boots)
Stlth   ..........              (no amulet)
HPRegen 0.14/turn               (no ring)
MPRegen 0.09/turn               (no ring)

@: berserking, very quick
A: small, no large weapons, nightstalker 3
a: Renounce Religion, Berserk


You were on level 3 of the Dungeon.
You worshipped Trog.
Trog was aware of your devotion.
You visited 1 branch of the dungeon, and saw 3 of its levels.

You collected 124 gold pieces.


Innate Abilities, Weirdness & Mutations

You are small and have problems with some larger weapons.
You are completely attuned to the shadows.


   Skills:
 + Level 3.4 Fighting
 + Level 4.1 Short Blades
 + Level 0.7 Throwing
 - Level 1.5 Armour
 + Level 2.6 Dodging
 - Level 5.0 Stealth


You had 3 spell levels left.
You didn't know any spells.
Your spell library contained the following spells:

 Spells                   Type           Power      Damage    Failure   Level
 Portal Projectile        Hex/Tloc       0%         N/A       78%         3
 Tukima's Dance           Hex            0%         N/A       78%         3
 Blade Hands              Tmut           0%         N/A       100%        5

Inventory:

Hand Weapons
 a - a +0 short sword (weapon) {short}
 b - a +0 sling
   (You found it on level 1 of the Dungeon)
Missiles
 d - 29 stones (quivered) {throwing}
 l - a throwing net {=f!fthrowing}
Armour
 c - a +0 robe
   (You found it on level 1 of the Dungeon)
 f - a +0 robe
   (You found it on level 1 of the Dungeon)
 i - a +0 chain mail
   (You found it on level 1 of the Dungeon)
 j - a +0 animal skin (worn)
 q - a +0 chain mail
   (You took it off an orc on level 2 of the Dungeon)
 r - a +0 cloak (worn)
   (You found it on level 2 of the Dungeon)
 t - a +0 helmet (worn)
   (You found it on level 3 of the Dungeon)
Scrolls
 e - a scroll of vulnerability {unknown}
 h - a scroll of fear {unknown}
 m - a scroll of fog {unknown}
 n - a scroll of summoning {unknown}
 o - a scroll of torment {unknown}
 s - 2 scrolls of teleportation {unknown}
 u - a scroll of identify {unknown}
Potions
 g - a potion of invisibility
 k - 2 potions of curing {@q1}
 p - a potion of flight

Dungeon Overview and Level Annotations

Branches:
Dungeon (3/15) Zot: 15147

Altars:

#.#
#...########.##
##.## #... #.#
#.## #.# #.#. #.#
#.#.
####.#########...
#................
##o###########.#.#
#@o.# #.#.#
#o#o#.# #.#.#
.....##?# #.#.#
###.### ## #)#.#
## #.#.# #.#.#
####.#.# .....#.#
.......#


You could see an orc wizard and 3 orcs.


Message History

You finish putting on your +0 helmet.
s - 2 scrolls labelled VUGYNO PAEME (gained 1)
d - 29 stones {throwing} (gained 9)
u - a scroll labelled TEOTUST FABIR Unknown command.
A quokka comes into view.
Danger!
The helpless quokka fails to defend itself.
You impale the quokka!!
You kill the quokka!
Trog accepts your kill.
An orc wizard comes into view. It is wielding a +0 dagger.
Danger!
Unknown command.
An orc comes into view. It is wielding a +0 dagger.
The orc wizard shouts!
The orc shouts!
You hear a shout! x3
The orc wizard casts a spell at you.
You are confused.
Unknown command.
Unknown command.
Unknown command.
You completely miss the orc wizard.
The orc wizard hits you with a +0 dagger.
Unknown command.
Unknown command.
An orc comes into view. It is wielding a +0 falchion.
The orc wizard misses you.
Unknown command.
Unknown command.
You closely miss the orc wizard.
The orc wizard hits you with a +0 dagger.
The orc hits you with a +0 dagger.
Unknown command.
Unknown command.
You're too confused to move!
The orc wizard hits you with a +0 dagger.
An orc comes into view.
It is wielding a +0 hand axe of electrocution.
The orc hits you with a +0 dagger.
Unknown command.
Unknown command.
Unknown command.
Unknown command.
Unknown command.
You bump into the rock wall.
The orc wizard closely misses you.
An orc comes into view. It is wielding a +0 dagger.
The orc completely misses you.
Unknown command.
Unknown command.
You bump into the rock wall.
The orc shouts!
The orc wizard closely misses you. The orc barely misses you.
Unknown command.
You are too confused!
Unknown command.
You barely miss the orc.
Unknown command.
Unknown command.
You hit the orc.
You feel less confused. The orc hits you with a +0 falchion.
The orc closely misses you. The orc wizard casts a spell at you.
You resist with some effort. The orc misses you.
Unknown command.
Unknown command.
A red film seems to cover your vision as you go berserk!
You feel yourself moving faster!
You feel mighty! The orc completely misses you. The orc closely misses you. x2
The orc wizard misses you.
You hit the orc.
The orc hits you with a +0 hand axe of electrocution.
You are electrocuted!
* * * LOW HITPOINT WARNING * * *
The orc misses you. The orc completely misses you.
The orc wizard casts a spell at you. The puff of flame hits you.
* * * LOW HITPOINT WARNING * * *
You puncture the orc!
You kill the orc!
Trog accepts your kill. The orc wizard barely misses you.
The orc barely misses you. x2
Unknown command.
You closely miss the orc wizard. You miss the orc wizard.
The orc completely misses you.
The orc wizard hits you with a +0 dagger.
* * * LOW HITPOINT WARNING * * *
The orc hits you with a +0 dagger.
* * * LOW HITPOINT WARNING * * *
The orc closely misses you.
Unknown command.
You closely miss the orc wizard.
Unknown command.
You hit the orc wizard. The orc hits you with a +0 dagger.
* * * LOW HITPOINT WARNING * * *
The orc hits you but does no damage. The orc closely misses you.
The orc wizard hits you but does no damage.
Unknown command.
You barely miss the orc wizard. The orc closely misses you.
The orc wizard hits you but does no damage.
The orc closely misses you. The orc hits you with a +0 dagger.
You die...

Skill      XL: |  1  2  3 |
---------------+----------+-----
Stealth        | 2 3 5 |  5.0
Fighting       | |  3.4
Short Blades   | |  4.1
Throwing       | |  0.7
Armour         | |  1.5
Dodging        | |  2.6

Action                   |  1- 3 |  4- 6 || total
-------------------------+-------+-------++-------
Melee: Short sword       |    84 |    35 ||   119
       Punch             |     1 |       ||     1
Invok: Berserk           |     2 |     2 ||     4
  Use: Potion            |     4 |       ||     4
 Stab: Sleeping          |    14 |     6 ||    20
Armor: Animal skin       |     5 |     4 ||     9
Dodge: Dodged            |    42 |    30 ||    72

Levels and vault maps discovered:
D:1:      dpeg_arrival_leaves_temple_mockup, layout_basic, minivault_23,
          kennysheep_flooded_box, dk_noncrumbling_2
D:2:      layout_loops_ring, hellmonk_ecumenical_altar_crossroads,
          minmay_ruptured
D:3:      layout_loops_ring, nicolae_wormholes

Notes
Turn   | Place    | Note
-------+----------+-------------------------------------------
     0 | D:1      | Sobieck the Kobold Berserker began the quest for the Orb.
     0 | D:1      | Reached XP level 1. HP: 14/14 MP: 1/1
    69 | D:1      | Reached skill level 1 in Stealth
   134 | D:1      | Reached skill level 2 in Stealth
   134 | D:1      | Reached XP level 2. HP: 19/19 MP: 2/2
   283 | D:1      | Reached skill level 3 in Stealth
   443 | D:1      | You pick up a book of Weapons {forbidden} and begin
                  | reading...
   443 | D:1      | You add the spells Tukima's Dance, Portal Projectile and
                  | Blade Hands to your library.
   712 | D:1      | Reached XP level 3. HP: 21/23 MP: 3/3
  1588 | D:2      | Reached skill level 4 in Stealth
  2047 | D:2      | Found a faded altar of an unknown god.
  2057 | D:2      | Reached skill level 5 in Stealth
  2057 | D:2      | Reached XP level 4. HP: 28/28 MP: 4/4
  2829 | D:3      | HP: 9/42 [orc wizard/puff of flame (3)]
  2834 | D:3      | HP: 2/42 [orc/+0 dagger (3)]
  2835 | D:3      | Slain by an orc

Vanquished Creatures
  3 adders
  4 dart slugs
  2 orcs
  2 ball pythons
  5 endoplasms
  5 giant cockroaches
  2 hobgoblins
  2 kobolds
  A quokka (D:3)
  2 bats
  2 frilled lizards
  6 goblins
  4 rats (D:1)
40 creatures vanquished.

Table legend:
 A = Non-vault XP
 B = Vault XP
 C = Vault XP percentage of total XP
 D = Non-vault monster count
 E = Vault monster count
 F = Vault count percentage of total count
                 A         B        C        D         E       F
            +---------+---------+-------+---------+---------+-------
      Total |      97 |      17 |  14.9 |      38 |       2 |   5.0
            +---------+---------+-------+---------+---------+-------
        D:1 |      36 |       0 |   0.0 |      18 |       0 |   0.0
        D:2 |      29 |      17 |  37.0 |      10 |       2 |  16.7
        D:3 |      32 |       0 |   0.0 |      10 |       0 |   0.0
            +---------+---------+-------+---------+---------+-------

Illustrated notes

Table legend:
 A = Kills in this place as a percentage of kills in entire the game.
 B = Kills by you in this place as a percentage of kills by you in the entire game.
 C = Kills by friends in this place as a percentage of kills by friends in the entire game.
 D = Other kills in this place as a percentage of other kills in the entire game.
 E = Experience gained in this place as a percentage of experience gained in the entire game.
 F = Experience gained in this place divided by the number of levels of this place that you have seen.
                   A       B       C       D       E      F
               +-------+-------+-------+-------+-------+----------------------
         Total | 100.0 | 100.0 |   N/A |   N/A | 100.0 |  38.0
       Dungeon | 100.0 | 100.0 |   N/A |   N/A | 100.0 |  38.0
               +-------+-------+-------+-------+-------+----------------------

Table legend: (Time is in decaauts)
 A = Elapsed time spent in this place.
 B = Non-inter-level travel time spent in this place.
 C = Inter-level travel time spent in this place.
 D = Time resting spent in this place.
 E = Time spent auto-exploring this place.
 F = Levels seen in this place.
 G = Mean time per level.
                   A        B        C        D        E       F      G
               +--------+--------+--------+--------+--------+-----+--------+
         Total |   2852 |   2808 |     44 |    446 |   2068 |   3 |  950.7 |
       Dungeon |   2852 |   2808 |     44 |    446 |   2068 |   3 |  950.7 |
               +--------+--------+--------+--------+--------+-----+--------+

Top non-repeatable levels by time:
     D:1: 1448 daAuts
     D:2: 970 daAuts
     D:3: 434 daAuts
